 Dungeon Crawl Stone Soup version 0.31-a0-219-g8d62b2e7bb (webtiles) character file.

Game seed: 12938169671287148337

26 qw the Shooter (level 2, 0/24 HPs)
             Began as a Minotaur Hexslinger on July 3, 2023.
             Slain by a kobold
             ... wielding a +4 dagger
              (4 damage)
             ... on level 2 of the Dungeon.
             The game lasted 00:00:19 (748 turns).

qw the Shooter (Minotaur Hexslinger)                 Turns: 748, Time: 00:00:19

Health: 0/24       AC:  6    Str: 12    XL:     2   Next: 89%
Magic:  2/2        EV: 12    Int: 10    God:
Gold:   47         SH:  0    Dex: 12    Spells: 2/3 levels left

rFire   . . .        Y - +1 sling
rCold   + . .        (no shield)
rNeg    . . .        e - +2 robe {rC+}
rPois   .            (helmet restricted)
rElec   .            k - +0 cloak
rCorr   .            (no gloves)
SInv    .            g - +0 pair of boots
Will    .....        (no amulet)
Stlth   +            (no ring)
HPRegen 0.24/turn    (no ring)
MPRegen 0.08/turn

%: no passive effects
@: no status effects
A: horns 2, retaliatory headbutt
a: no special abilities


You were on level 2 of the Dungeon.
You visited 1 branch of the dungeon, and saw 2 of its levels.

You collected 92 gold pieces.
You spent 45 gold pieces at shops.


Innate Abilities, Weirdness & Mutations

You have a pair of horns on your head.
You reflexively headbutt those who attack you in melee.


   Skills:
 - Level 2.0 Fighting
 + Level 3.5 Ranged Weapons
 - Level 2.1 Dodging
 - Level 1.0 Spellcasting
 - Level 2.0 Hexes


You had 2 spell levels left.
You knew the following spells:

 Your Spells              Type           Power      Damage    Failure   Level
a - Slow                  Hex            16%        N/A       16%         1

Your spell library contained the following spells:

 Spells                   Type           Power      Damage    Failure   Level
 Inner Flame              Hex/Fire       2%         N/A       56%         3
 Portal Projectile        Hex/Tloc       4%         N/A       56%         3
 Cause Fear               Hex            2%         N/A       83%         4

Inventory:

Hand Weapons
 Y - a +1 sling (weapon)
Armour
 e - a +2 robe of cold resistance (worn)
 g - a +0 pair of boots (worn)
 k - a +0 cloak (worn)
Scrolls
 b - a scroll of revelation {unknown}
Potions
 a - a potion of resistance {unknown}
 d - a potion of degeneration {unknown}
 h - a potion of mutation {unknown}
 i - a potion of magic {unknown}

Dungeon Overview and Level Annotations

Branches:
Dungeon (2/15)

Altars:

Shops:
D:1 [   D:2 (


Message History

You shoot a sling bullet. The sling bullet hits the adder.
The adder hisses angrily.
The adder is lightly wounded.
You hear a shout!
A kobold comes into view. It is wielding a +4 dagger.
You shoot a sling bullet.
The sling bullet closely misses the kobold.
You shoot a sling bullet. The sling bullet hits the kobold.
The kobold is moderately wounded.
The kobold hits you with a +4 dagger.
You shoot a sling bullet.
The sling bullet hits the kobold but does no damage.
The kobold is moderately wounded.
The kobold hits you with a +4 dagger.
You shoot a sling bullet.
The sling bullet barely misses the kobold.
The adder bites you. The kobold hits you with a +4 dagger.
The adder bites you but does no damage.
You shoot a sling bullet. The sling bullet misses the adder.
The kobold completely misses you. The adder barely misses you.
The kobold hits you with a +4 dagger.
You shoot a sling bullet.
The sling bullet hits the adder but does no damage.
The adder is lightly wounded.
The adder completely misses you. The adder closely misses you.
The kobold hits you with a +4 dagger!
You shoot a sling bullet. The sling bullet misses the adder.
The adder closely misses you. You furiously retaliate!
You headbutt the adder! The kobold barely misses you.
You shoot a sling bullet.
The sling bullet barely misses the adder.
The adder misses you. The kobold hits you with a +4 dagger.
The adder barely misses you.
You shoot a sling bullet.
The sling bullet completely misses the adder.
The adder bites you but does no damage. The kobold hits you with a +4 dagger.
You shoot a sling bullet.
The sling bullet closely misses the adder.
The adder barely misses you. The kobold hits you with a +4 dagger.
You die...

<.. ... # ##.## #.
... #.# .. ... ...#
##$ #.# .....
###...#K# #......
...^..S@###.....##
###...##..........
..\.. #.(......####
########...........#
#...............#
#.###...........#
#........########
#.............. .
####.#...########


You could see an adder and a kobold.

Vanquished Creatures
  3 bats (D:1)
  2 endoplasms (D:1)
  5 goblins
  4 hobgoblins (D:1)
  2 kobolds (D:1)
  2 quokkas (D:1)
  A ball python (D:1)
  A frilled lizard (D:2)
  2 rats
22 creatures vanquished.

Notes
Turn   | Place    | Note
-------+----------+-------------------------------------------
     0 | D:1      | qw the Minotaur Hexslinger began the quest for the Orb.
     0 | D:1      | Reached XP level 1. HP: 16/16 MP: 1/1
     0 | D:1      | 0 ||| qw: Version: 0.3-a-40-ge99b1a8
     0 | D:1      | 0 ||| qw: Game counter: 410
     0 | D:1      | 0 ||| qw: Melee chars always use a shield: true
     0 | D:1      | 0 ||| qw: God list: Okawaru
     0 | D:1      | 0 ||| qw: Allow faded altars: false
     0 | D:1      | 0 ||| qw: Do Orc after clearing Dungeon:15 true
     0 | D:1      | 0 ||| qw: Do second Lair branch before Depths: true
     0 | D:1      | 0 ||| qw: Lair rune preference: random
     0 | D:1      | 0 ||| qw: Goals: Normal
     0 | D:1      | 0 ||| PLANNING D:1-11
   194 | D:1      | Reached skill level 3 in Ranged Weapons
   194 | D:1      | Reached XP level 2. HP: 23/23 MP: 2/2
   345 | D:1      | Found Ingacoi's Armour Shop.
   349 | D:1      | 349 ||| BUYING +0 cloak (45 gold).
   349 | D:1      | Bought a +0 cloak for 45 gold pieces
   349 | D:1      | 349 ||| SHOPLISTING +1 cloak (115 gold, have 5).
   349 | D:1      | 349 ||| SHOPLISTING +3 leather armour of positive energy
                  | (210 gold, have 5).
   605 | D:1      | 605 ||| UPGRADING to +2 robe of cold resistance.
   615 | D:1      | 615 ||| DROPPING +0 robe.
   616 | D:1      | 616 ||| UPGRADING to +0 pair of boots.
   621 | D:1      | 621 ||| UPGRADING to +0 cloak.
   626 | D:1      | 626 ||| READING scroll labelled FIUJO OTSANURRIF.
   627 | D:1      | 627 ||| READING scroll labelled GARUTA XYL.
   628 | D:1      | 628 ||| READING scroll labelled SOJUHA XUSEG.
   633 | D:1      | 633 ||| DROPPING scroll of poison.
   737 | D:2      | Found Kuff's Weapon Shoppe.
   744 | D:2      | HP: 5/24 [kobold/+4 dagger (7)]
   748 | D:2      | Slain by a kobold

Levels and vault maps discovered:
D:1:      nicolae_arrival_memento_mori, layout_loops_ring, serial_shops, shop
D:2:      layout_loops_ring, serial_shops, shop, uniq_terence

Skill      XL: |  1  2 |
---------------+-------+-----
Ranged Weapons | 3 |  3.5
Fighting       | 2 |  2.0
Dodging        | |  2.1
Spellcasting   | |  1.0
Hexes          | |  2.0

Action                     || total
---------------------------++-------
   Fire: Sling             ||    65
    Use: Scroll            ||     3
 Armour: Robe              ||     3
  Dodge: Dodged            ||    15

Table legend:
 A = Non-vault XP
 B = Vault XP
 C = Vault XP percentage of total XP
 D = Non-vault monster count
 E = Vault monster count
 F = Vault count percentage of total count
                 A         B        C        D         E       F
            +---------+---------+-------+---------+---------+-------
      Total |      38 |       0 |   0.0 |      22 |       0 |   0.0
            +---------+---------+-------+---------+---------+-------
        D:1 |      34 |       0 |   0.0 |      19 |       0 |   0.0
        D:2 |       4 |       0 |   0.0 |       3 |       0 |   0.0
            +---------+---------+-------+---------+---------+-------
